Map: Blood Boil LE

Players

RunaMoK (Losira) - Winner!

  • Race: Terran Terran
  • League: Grandmaster
  • Spawn Location: 5:00

friedpork

  • Race: Zerg Zerg
  • League: Master
  • Spawn Location: 11:00

VOD

Have the link to the VOD?

Description

Time

  • Played on: June 11, 2017, 11:32 p.m.
  • Length: 5:42
Show
View Real Time Build Order
Export as new Build Order

RunaMoK Terran - Winner!

Build Orders: Reaper Expand, Hellion Banshee 

Get SALT Encoding   

  12  0:00  Unknown  
  12  0:01  SCV  
  13  0:13  SCV  
  14  0:18  Supply Depot  
  14  0:25  SCV  
  15  0:29  Refinery  
  15  0:39  SCV  
  16  0:46  Barracks  
  16  0:51  SCV  
  17  1:03  SCV  
  18  1:16  SCV  
  19  1:33  Reaper, Orbital Command  
  20  1:45  Command Center  
  20  1:57  Factory  
  20  2:00  SCV  
  21  2:08  Refinery  
  21  2:09  Barracks Reactor  
  21  2:12  SCV  
  22  2:20  Supply Depot  
  22  2:28  SCV  
  23  2:41  SCV  
  23  2:43  Starport  
  24  2:53  SCV  
  24  2:54  Hellion x2  
  29  3:00  Barracks Tech Lab  
  29  3:02  Orbital Command  
  29  3:08  SCV  
  30  3:19  Hellion  
  32  3:20  SCV  
  33  3:33  SCV  
  34  3:37  Viking  
  37  3:41  SCV  
  37  3:45  Supply Depot  
  37  3:47  Hellion x2  
  41  3:49  Marine  
  41  3:50  SCV, Cloaking Field  
  41  3:53  SCV  
  44  4:02  SCV  
  45  4:06  SCV  
  46  4:13  Banshee  
  46  4:14  SCV  
  50  4:18  SCV  
  51  4:25  Supply Depot  
  51  4:26  SCV  
  51  4:30  SCV  
  52  4:38  SCV  
  52  4:42  SCV  
  54  4:47  Hellion x2  
  54  4:48  Command Center  
  54  4:50  Supply Depot x2, SCV  
  59  4:55  SCV  
  60  5:02  SCV  
  60  5:05  Factory  
  61  5:07  Factory  
  61  5:08  Refinery x2, SCV  
  65  5:16  SCV  
  65  5:18  Barracks Tech Lab  
  65  5:19  Hellion x2  
  65  5:20  SCV  
  71  5:28  SCV  
Show
View Real Time Build Order
Export as new Build Order

friedpork Zerg 

Build Orders: Hatch First 

Get SALT Encoding   

  12  0:00  Unknown  
  12  0:01  Drone  
  13  0:12  Overlord  
  13  0:18  Drone  
  14  0:31  Drone x2  
  16  0:36  Drone  
  17  0:53  Hatchery  
  17  0:56  Drone  
  17  0:59  Drone  
  18  1:12  Extractor  
  18  1:15  Spawning Pool  
  16  1:19  Drone  
  16  1:21  Drone  
  18  1:29  Drone  
  19  1:39  Overlord  
  19  1:50  Drone  
  20  2:01  Queen  
  20  2:02  Zergling x2  
  20  2:05  Queen  
  20  2:06  Zergling x2  
  26  2:12  Metabolic Boost, Drone  
  27  2:16  Drone  
  27  2:22  Drone  
  29  2:28  Drone  
  30  2:32  Overlord  
  30  2:38  Drone  
  30  2:43  Drone  
  32  2:45  Queen  
  33  2:51  Queen  
  33  2:54  Drone x2  
  37  3:01  Drone  
  37  3:05  Drone  
  39  3:12  Spore Crawler  
  38  3:17  Drone x2  
  38  3:18  Overlord  
  38  3:19  Drone x2  
  43  3:20  Drone  
  43  3:21  Drone  
  45  3:40  Drone x4  
  48  3:42  Drone, Hatchery  
  48  3:47  Overlord  
  48  3:53  Drone  
  49  3:57  Overlord  
  49  3:58  Queen  
  51  4:05  Queen  
  53  4:15  Drone  
  54  4:20  Zergling x2, Evolution Chamber  
  54  4:21  Zergling x10  
  54  4:23  Evolution Chamber  
  57  4:36  Drone x3  
  59  4:38  Drone  
  59  4:43  Overlord x2  
  60  4:56  Queen  
  60  4:58  Overlord  
  62  5:00  Drone x3  
  65  5:12  Drone x6  
  71  5:17  Drone  
  71  5:20  Drone  
  73  5:28  Drone x2  
  75  5:29  Extractor  
  75  5:30  Drone x2  
  75  5:35  Spore Crawler  
Tags
 
Add a new tag
Caveats
  • Supply blocks, unpowered buildings, or Contaminate may cause inaccurate times.
  • Supply counts are checked every 10 seconds.